 Dungeon Crawl Stone Soup version 0.31.0-32-g396128a36d (webtiles) character file.

Game seed: 2985946431551913446

8318 dench the Cleaver (level 11, -11/101 HPs)
             Began as a Minotaur Berserker on Mar 23, 2024.
             Was a High Priest of Trog.
             Killed from afar by an electric eel (12 damage)
             ... with a bolt of electricity
             ... on level 10 of the Dungeon.
             The game lasted 00:34:52 (10841 turns).

dench the Cleaver (Minotaur Berserker)             Turns: 10841, Time: 00:34:52

Health: -11/101    AC: 15    Str: 26    XL:     11   Next: 8%
Magic:  10/10      EV: 11    Int:  4    God:    Trog [*****.]
Gold:   223        SH:  0    Dex: 10    Spells: 10/10 levels left

rFire   + . .        O - +3 battleaxe
rCold   + . .        (shield currently unavailable)
rNeg    . . .        t - +0 chain mail
rPois   .            v - +2 hat
rElec   .            A - +0 cloak {rF+}
rCorr   .            q - +0 pair of gloves
SInv    .            (no boots)
Will    .....        p - amulet of faith Stlth
                     y - ring of protection from cold
HPRegen 0.36/turn    (no ring)
MPRegen 0.12/turn

%: faith
@: no status effects
A: horns 2, retaliatory headbutt
a: Renounce Religion, Berserk, Trog's Hand, Brothers in Arms


You were on level 10 of the Dungeon.
You worshipped Trog.
Trog was extremely pleased with you.
You visited 2 branches of the dungeon, and saw 11 of its levels.

You collected 460 gold pieces.
You spent 237 gold pieces at shops.

Inventory:

Hand Weapons
 a - a +0 hand axe
 d - a +0 war axe
 r - a +4 hand axe of flaming
 z - a +0 war axe of flaming
 L - a +1 battleaxe
 O - a +3 battleaxe (weapon)
Missiles
 Q - 2 throwing nets (quivered)
Armour
 b - a +0 animal skin
 j - a +0 cloak
 l - a +0 leather armour
 m - a +0 ring mail
 n - a +1 hat
 q - a +0 pair of gloves (worn)
 s - a +3 leather armour
 t - a +0 chain mail (worn)
 v - a +2 hat (worn)
 A - a +0 cloak of fire resistance (worn)
 H - a +0 buckler
Jewellery
 p - an amulet of faith (around neck)
 y - a ring of protection from cold (left hand)
 N - an amulet of reflection
 P - a ring of willpower
Wands
 u - a wand of paralysis (31)
 I - a wand of iceblast (8)
Scrolls
 e - a scroll of noise {unknown}
 i - 2 scrolls of enchant armour
 w - 3 scrolls of immolation
 x - a scroll of amnesia {unknown}
 B - 2 scrolls of brand weapon {unknown}
 C - 4 scrolls of identify
 D - a scroll of silence {unknown}
 E - 2 scrolls of fog
 G - 2 scrolls of enchant weapon {unknown}
 J - 2 scrolls of revelation {unknown}
 K - a scroll of summoning {unknown}
Potions
 c - 4 potions of ambrosia {unknown}
 f - a potion of heal wounds {unknown}
 g - 5 potions of might
 h - 10 potions of curing {unknown}
 k - 3 potions of brilliance {unknown}
 o - a potion of attraction {unknown}
 F - a potion of enlightenment {unknown}
 M - 3 potions of mutation {unknown}


   Skills:
 + Level 10.5 Fighting
 * Level 14.0 Axes
 - Level 7.2 Armour
 - Level 6.8 Dodging
 + Level 6.3 Shields


You had 10 spell levels left.
You didn't know any spells.
Your spell library was empty.

Dungeon Overview and Level Annotations

Branches:
Dungeon (10/15)            Temple (1/1) D:4            Lair (0/5) D:8
    Orc: D:9-12

Altars:
Ashenzari
Cheibriados
Elyvilon
Fedhas
Gozag
Hepliaklqana
Kikubaaqudgha
Makhleb
Nemelex Xobeh
Okawaru
Qazlal
Ru
Sif Muna
Trog
Uskayaw
Vehumet
Wu Jian
Xom
Yredelemnul
Zin
The Shining One
Lugonu

Shops:
D:3 *!   D:6 *

Annotations:
D:3 potions
D:9 2 transporters


Innate Abilities, Weirdness & Mutations

You have a pair of horns on your head.
You reflexively headbutt those who attack you in melee.


Message History

The electric eel completely resists.
The bolt of electricity hits you.
You barely miss the electric eel. You headbutt the electric eel!
The electric eel is severely wounded.
The electric eel shoots out a bolt of lightning at you!
The bolt of electricity hits you!
You barely miss the electric eel.
The electric eel is severely wounded.
The electric eel shoots out a bolt of lightning at you!
The bolt of electricity hits you but does no damage.
You miss the electric eel.
The electric eel is severely wounded.
An electric eel comes into view.
You hit the electric eel.
The electric eel is almost dead.
The electric eel shoots out a bolt of lightning at you!
The bolt of electricity hits you!
The electric eel shoots out a bolt of lightning at you!
The bolt of electricity hits the plant!
The plant begins to die.
The bolt of electricity hits the electric eel.
The electric eel completely resists.
The bolt of electricity hits you!
* * * LOW HITPOINT WARNING * * *
The bolt of electricity hits you.
* * * LOW HITPOINT WARNING * * *
The electric eel shoots out a bolt of lightning at you!
The bolt of electricity hits you!
* * * LOW HITPOINT WARNING * * *
The electric eel shoots out a bolt of lightning at you!
The bolt of electricity misses the electric eel.
The bolt of electricity hits you.
* * * LOW HITPOINT WARNING * * *
The electric eel shoots out a bolt of lightning at you!
The bolt of electricity hits the electric eel.
The electric eel completely resists.
The bolt of electricity hits you!
* * * LOW HITPOINT WARNING * * *
There is a stone staircase leading up, spattered with blood here.
The electric eel shoots out a bolt of lightning at you!
The bolt of electricity hits you.
* * * LOW HITPOINT WARNING * * *
The bolt of electricity hits you!
You die...

#########.## ##
#.@÷........
+..
#...........
#..#.........>.
#.............
###S♣♣♣♣♣.....
~S~ ♣.... ~~≈SP
.... ~~≈≈≈≈~
... ~≈~≈≈~~~~


You could see 2 electric eels.

Vanquished Creatures
  Harold (D:9)
  A komodo dragon (D:8)
  Prince Ribbit (D:8)
  Sigmund (D:2)
  3 wyverns
  9 yaks
  Menkaure (D:4)
  3 steam dragons
  3 water moccasins
  3 black bears
  An ice beast (D:8)
  6 orc warriors
  A sky beast (D:6)
  3 centaurs
  4 bullfrogs
  2 gnoll sergeants
  6 scorpions
  A necrophage (D:5)
  13 wights
  9 killer bees
  2 howler monkeys
  An electric eel (D:6)
  A bullfrog zombie (D:5)
  2 centaur zombies (D:5)
  5 hounds
  4 orc priests
  Crazy Yiuf (D:6)
  3 bombardier beetles
  A human zombie (D:5)
  3 jellies
  4 iguanas
  9 orc wizards
  A hound zombie (D:5)
  3 mummies (D:5)
  A howler monkey zombie (D:5)
  Robin (D:2)
  7 adders
  11 gnolls
  4 ufetubi (D:5)
  4 ribbon worms
  A dart slug (D:2)
  46 orcs
  6 ball pythons
  7 bats
  8 endoplasms
  5 giant cockroaches
  16 goblins
  7 hobgoblins
  7 jackals (D:2)
  9 kobolds
  3 quokkas
  3 frilled lizards
  6 rats
264 creatures vanquished.

Vanquished Creatures (others)
  A human (D:5)
1 creature vanquished.

Grand Total: 265 creatures vanquished

Notes
Turn   | Place    | Note
-------+----------+-------------------------------------------
     0 | D:1      | dench the Minotaur Berserker began the quest for the Orb.
     0 | D:1      | Reached XP level 1. HP: 19/19 MP: 0/0
   159 | D:1      | Reached XP level 2. HP: 27/27 MP: 1/1
   186 | D:1      | Reached skill level 4 in Axes
   644 | D:2      | Noticed Sigmund
   660 | D:2      | Killed Sigmund
   661 | D:2      | Reached skill level 5 in Fighting
   661 | D:2      | Reached skill level 5 in Axes
   661 | D:2      | Reached XP level 3. HP: 28/36 MP: 2/2
   661 | D:2      | Reached XP level 4. HP: 33/42 MP: 3/3
   661 | D:2      | Reached XP level 5. HP: 38/48 MP: 4/4
   868 | D:2      | Noticed Robin
   877 | D:2      | Killed Robin
   894 | D:2      | Reached ** piety under Trog
  1891 | D:3      | Found Qamnaefe's General Store.
  1913 | D:3      | Reached XP level 6. HP: 53/56 MP: 5/5
  1958 | D:3      | Reached skill level 6 in Axes
  2033 | D:3      | Found a glowing golden altar of the Shining One.
  2039 | D:3      | Reached *** piety under Trog
  2254 | D:3      | Found a glowing silver altar of Zin.
  2390 | D:3      | Found Menuef's Distillery.
  2595 | D:4      | Noticed Menkaure
  2678 | D:4      | Found a staircase to the Ecumenical Temple.
  2724 | D:4      | Killed Menkaure
  2805 | D:4      | Reached XP level 7. HP: 62/62 MP: 6/6
  2845 | D:4      | Reached skill level 7 in Axes
  3548 | Temple   | Entered the Ecumenical Temple
  3566 | D:5      | Entered Level 5 of the Dungeon
  3819 | D:5      | Found a basalt altar of Yredelemnul.
  3861 | D:5      | Reached skill level 5 in Armour
  3872 | D:5      | Reached skill level 8 in Axes
  3872 | D:5      | Reached XP level 8. HP: 71/71 MP: 7/7
  4681 | D:5      | Reached skill level 5 in Dodging
  4898 | D:5      | Found an ancient bone altar of Kikubaaqudgha.
  5020 | D:5      | Reached **** piety under Trog
  5484 | D:6      | Noticed Prince Ribbit
  5602 | D:5      | Reached skill level 9 in Axes
  5752 | D:6      | Found an ornate altar of the Wu Jian Council.
  5904 | D:6      | Found a sparkling altar of Nemelex Xobeh.
  5907 | D:6      | Found a stormy altar of Qazlal.
  6008 | D:6      | Found Ukor's Fire Supplies.
  6041 | D:6      | Reached XP level 9. HP: 41/79 MP: 8/8
  6064 | D:6      | Bought a +0 war axe of flaming for 99 gold pieces
  6064 | D:6      | Bought a +0 cloak of fire resistance for 138 gold pieces
  6452 | D:6      | Found a runed translucent door.
  6453 | D:6      | Noticed Crazy Yiuf
  6564 | D:6      | Killed Crazy Yiuf
  6698 | D:7      | Reached skill level 10 in Axes
  7259 | D:7      | Found a hide-covered altar of Uskayaw.
  7482 | D:7      | Reached skill level 11 in Axes
  7487 | D:7      | Reached skill level 1 in Shields
  8376 | D:8      | Noticed a komodo dragon
  8383 | D:8      | Reached ***** piety under Trog
  8384 | D:8      | Reached XP level 10. HP: 90/90 MP: 9/9
  8394 | D:8      | Reached skill level 12 in Axes
  8414 | D:8      | Found a staircase to the Lair.
  8713 | D:8      | Killed Prince Ribbit
  9016 | D:8      | Found a radiant altar of Vehumet.
  9043 | D:9      | Found a transporter.
  9082 | D:9      | Found a corrupted altar of Lugonu.
  9085 | D:9      | Noticed a cyan ugly thing
  9085 | D:9      | Noticed a brown ugly thing
  9148 | D:9      | Reached skill level 13 in Axes
  9148 | D:9      | Reached skill level 5 in Shields
  9217 | D:9      | Reached skill level 10 in Fighting
  9289 | D:9      | Noticed Harold
  9304 | D:9      | Killed Harold
  9425 | D:9      | Found a transporter.
  9426 | D:9      | Noticed a cyan ugly thing
 10227 | D:10     | Entered Level 10 of the Dungeon
 10234 | D:9      | Reached XP level 11. HP: 77/101 MP: 10/10
 10308 | D:10     | Reached skill level 14 in Axes
 10840 | D:10     | HP: 3/101 [electric eel/bolt of electricity (12)]
 10841 | D:10     | HP: 1/101 [electric eel/bolt of electricity (3)]
 10841 | D:10     | Killed from afar by an electric eel

Illustrated notes

Levels and vault maps discovered:
D:1:      dpeg_arrival_tiny_g, layout_basic, nicolae_the_louvre
D:2:      layout_basic, minmay_misc_feat_ornament, uniq_sigmund, uniq_robin
D:3:      layout_loops_cross, old_standard_altar, zin_academy, serial_shops,
          shop, nicolae_shop_waterfront, guppyfry_early_orc_mine
D:4:      layout_basic, minmay_temple_entry_waves, st_stairs_6,
          chequers_decorated_corner, uniq_menkaure
D:5:      layout_cave_pods, tgw_kikubaaqudgha,
          lemuel_mausoleum_altar_yredelemnul, grunt_ministairs_13
D:6:      layout_rooms, mainiacjoe_overflow_24_doors, nicolae_overflow_squiral,
          nicolae_shop_fire_sale [nicolae_sub_dead_trees], minmay_holes,
          uniq_prince_ribbit1, uniq_crazy_yiuf_cottage
D:7:      layout_layer_cave, nicolae_uskayaw_murder_on_the_dancefloor
D:8:      layout_gridville, nicolae_overflow_hidden_temple,
          due_lair_maze_entry_diamond
D:9:      gammafunk_corrupted_shrine, layout_basic, uniq_harold
D:10:     layout_roguey [special_room_bee], lemuel_round_altar, orc_0_dummy,
          serial_bayou_ford_a
Temple:   hellmonk_temple_flake

Skill      XL: |  1  2  3  4  5  6  7  8  9 10 11 |
---------------+----------------------------------+-----
Axes           | 5 6 8 9 11 13 14 | 14.0
Fighting       | 5 6 7 8 10 | 10.5
Armour         | 3 4 5 6 7 |  7.2
Dodging        | 3 4 6 |  6.8
Shields        | 2 6 |  6.3

Action                     |  1- 3 |  4- 6 |  7- 9 | 10-12 || total
---------------------------+-------+-------+-------+-------++-------
  Melee: Hand axe          |    26 |   175 |    87 |       ||   288
         Headbutt          |     5 |    20 |    52 |    26 ||   103
         Punch             |       |     1 |     2 |       ||     3
         War axe           |       |       |   201 |   101 ||   302
         Battleaxe         |       |       |       |    67 ||    67
 Invoke: Berserk           |     1 |     1 |     2 |       ||     4
         Trog's Hand       |       |     1 |     1 |     1 ||     3
    Use: Scroll            |       |       |     6 |       ||     6
 Armour: Animal skin       |    16 |    51 |       |       ||    67
         Ring mail         |       |    48 |    20 |       ||    68
         Leather armour    |       |       |    33 |       ||    33
         Chain mail        |       |       |   222 |   146 ||   368
  Dodge: Dodged            |    30 |   110 |   195 |    70 ||   405
  Block: Buckler           |       |       |    10 |    19 ||    29
